 Dungeon Crawl Stone Soup version 0.29.0-4-gdea44cf6ec (webtiles) character file.

Game seed: 10234925427104832347

6501 qw the Cleaver (level 11, -11/106 HPs)
             Began as a Gargoyle Berserker on Sept 6, 2022.
             Was an Elder of Trog.
             Mangled by a death yak (20 damage)
             ... on level 9 of the Dungeon.
             The game lasted 00:04:20 (10910 turns).

qw the Cleaver (Gargoyle Berserker)                Turns: 10910, Time: 00:04:21

Health: -11/106    AC: 23    Str: 26    XL:     11   Next: 0%
Magic:  11/11      EV:  8    Int: 10    God:    Trog [****..]
Gold:   505        SH:  9    Dex:  9    Spells: 10/10 levels left

rFire   . . .      SeeInvis .   v - +4 war axe (vorpal)
rCold   . . .      Faith    .   d - +0 buckler
rNeg    + + .      Spirit   .   i - +0 chain mail
rPois   inf        Reflect  +   r - +0 helmet
rElec   +          Harm     .   (no cloak)
rCorr   .          Rampage  .   h - +1 pair of gloves
Will    ++...                   u - +0 pair of boots
Stlth   ..........              q - amulet of Neluw {Reflect Will++ Int+3 SH+5}
HPRegen 0.27/turn               k - ring of positive energy
MPRegen 0.12/turn               (no ring)

@: berserking (expiring), very quick
A: sickness immunity, AC +8, negative energy resistance 1, electricity
resistance, torment resistance 1, petrification resistance
a: Renounce Religion, Berserk, Trog's Hand, Brothers in Arms


You were on level 9 of the Dungeon.
You worshipped Trog.
Trog was greatly pleased with you.
You visited 1 branch of the dungeon, and saw 9 of its levels.

You collected 557 gold pieces.
You spent 52 gold pieces at shops.


Innate Abilities, Weirdness & Mutations

You are immune to sickness and miasma.
Your stone body is resilient. (AC +8)
You are immune to poison.
You resist negative energy. (rN+)
You are resistant to electric shocks. (rElec)
You are resistant to unholy torment.
You are immune to petrification.


   Skills:
 - Level 9.5 Fighting
 - Level 11.4 Axes
 - Level 1.0 Throwing
 + Level 6.2 Armour
 - Level 2.1 Dodging
 - Level 5.0 Shields


You had 10 spell levels left.
You didn't know any spells.
Your spell library was empty.

Inventory:

Hand Weapons
 g - a +2 hand axe of flaming
 v - a +4 vorpal war axe (weapon)
Armour
 d - a +0 buckler (worn)
 h - a +1 pair of gloves (worn)
 i - a +0 chain mail (worn)
 r - a +0 helmet (worn)
 u - a +0 pair of boots (worn)
Jewellery
 k - a ring of positive energy (left hand)
 q - the amulet of Neluw (around neck) {Reflect Will++ Int+3 SH+5}
   (You found it on level 5 of the Dungeon)

   [amulet of reflection]

   It reflects blocked missile attacks.
   Int:       It affects your intelligence (+3).
   SH:        It affects your SH (+5).
   Will:      It greatly increases your willpower.
 s - a ring of fire
Scrolls
 m - 2 scrolls of teleportation
Potions
 a - a potion of mutation {unknown}
 b - 2 potions of cancellation
 c - a potion of berserk rage {unknown}
 e - a potion of heal wounds
 f - 3 potions of might
 j - a potion of magic {unknown}
 l - 4 potions of curing
 p - a potion of resistance {unknown}
 t - a potion of haste {unknown}

Dungeon Overview and Level Annotations

Branches:
Dungeon (9/15)             Temple (0/1) D:4
   Lair: D:8-11         Orc: D:9-12

Altars:
Ashenzari
Cheibriados
Elyvilon
Gozag
Nemelex Xobeh
Okawaru
Qazlal
Ru
Trog
Vehumet
Xom
Zin

Shops:
D:2 ([*   D:7 *

Annotations:
D:8 Joseph


Message History

The hell rat roars deafeningly!
You hit the death yak. x2
You slash the death yak!
The death yak is almost dead.
You hit the death yak. You hit the hell rat but do no damage.
You slash the death yak!
A quokka comes into view.
The hell rat bites you but does no damage.
You block the death yak's attack.
The death yak gores you but does no damage.
A rat comes into view.
The death yak gores you!!
You barely miss the death yak.
The death yak is almost dead.
You hit the death yak. You barely miss the hell rat. You slash the death yak!
The hell rat bites you!
You hit the death yak.
The death yak is almost dead.
You slash the death yak! You barely miss the death yak. You slash the hell rat!
You kill the hell rat!
Trog accepts your kill. The death yak barely misses you.
You block the death yak's attack. The death yak closely misses you.
You slash the death yak!
You kill the death yak!
Trog accepts your kill.
You slash the death yak! You hit the death yak. The death yak gores you!!
The death yak gores you!
Your Fighting skill increases to level 9!
You have reached level 11!
You slash the death yak!
The death yak is almost dead.
You hit the death yak. You hit the wight but do no damage.
You hit the death yak but do no damage.
The death yak is almost dead.
You slash the death yak! You hit the wight but do no damage.
The death yak barely misses you.
A river rat comes into view.
You block the wight's attack. The death yak gores you!!
You die...

####### #.. ...###+##
# r.......# ###
#.....?.# ###.'
........# ######>..#
....r...# #......###
...rr.YY#######.######
# ......z@'.......# #
........######### #
........# # ..#.....#
# ....##### ####


You could see 2 death yaks, a hell rat, a wight, a river rat, a quokka and a
rat.

Vanquished Creatures
  Erica (D:8)
  A death yak (D:9)
  A cyclops (D:8)
  Grinder (D:6)
  Sigmund (D:6)
  4 humans (D:7)
  5 yaks (D:9)
  Eustachio (D:6)
  A steam dragon (D:7)
  Duvessa (D:5)
  A water moccasin (D:7)
  2 ice beasts
  2 sky beasts (D:7)
  3 black bears
  A centaur (D:8)
  3 phantoms
  A kobold brigand (D:6)
  3 bullfrogs
  A necrophage (D:4)
  2 scorpions
  7 wights
  Dowan (D:5)
  7 howler monkeys
  4 jellies
  4 hounds
  An orc priest (D:3)
  A gnoll bouda (D:7)
  4 orc wizards
  4 iguanas
  A hell rat (D:9)
  8 gnolls
  6 adders
  A shadow imp (D:5)
  4 ufetubi
  4 dart slugs
  26 orcs
  10 endoplasms
  5 giant cockroaches
  10 goblins
  9 hobgoblins
  6 jackals (D:2)
  6 quokkas
  8 ball pythons
  13 bats
  9 frilled lizards
  20 kobolds
  10 rats
225 creatures vanquished.

Notes
Turn   | Place    | Note
-------+----------+-------------------------------------------
     0 | D:1      | qw the Gargoyle Berserker began the quest for the Orb.
     0 | D:1      | Reached XP level 1. HP: 14/14 MP: 1/1
     0 | D:1      | 0 ||| qw: Version: 0.1-a-108-g9e35731
     0 | D:1      | 0 ||| qw: Game counter: 6361
     0 | D:1      | 0 ||| qw: Always use a shield: true
     0 | D:1      | 0 ||| qw: Do Orc after D:15 true
     0 | D:1      | 0 ||| qw: Do second Lair branch before Depths: true
     0 | D:1      | 0 ||| qw: Lair rune preference: random
     0 | D:1      | 0 ||| qw: Plans: Normal
     0 | D:1      | 0 ||| PLANNING D:1-11
   170 | D:1      | Reached skill level 3 in Axes
   229 | D:1      | 229 ||| INVOKING Berserk.
   229 | D:1      | HP: 5/21 [quokka (4)]
   529 | D:1      | Reached XP level 2. HP: 19/19 MP: 2/2
   894 | D:1      | 894 ||| Stepping ~*~*~tactically~*~*~ (stealth).
  1053 | D:1      | Noticed a floating eye
  1056 | D:1      | Found a faded altar of an unknown god.
  1156 | D:1      | Noticed a floating eye
  1162 | D:1      | Noticed a shining eye
  1255 | D:1      | Noticed an eye of devastation
  1362 | D:1      | Reached XP level 3. HP: 20/23 MP: 3/3
  1504 | D:1      | 1504 ||| UPGRADING to +0 ring mail.
  1514 | D:1      | 1514 ||| DROPPING +0 animal skin.
  1515 | D:1      | 1515 ||| UPGRADING to +0 pair of gloves.
  1520 | D:1      | 1520 ||| DROPPING amulet of magic regeneration.
  1521 | D:1      | 1521 ||| READING scroll labelled GYXOINL ACUA.
  1522 | D:1      | 1522 ||| READING 2 scrolls labelled CIKOSI PAISTRE.
  1523 | D:1      | 1523 ||| READING scroll labelled FULA WYPEJELAV.
  1524 | D:1      | 1524 ||| READING scroll labelled ASUMIXT DAINT.
  1625 | D:1      | 1625 ||| DROPPING scroll of blinking.
  1655 | D:2      | 1655 ||| Stepping ~*~*~tactically~*~*~ (stealth).
  1677 | D:2      | Reached ** piety under Trog
  1731 | D:2      | Reached skill level 4 in Axes
  1841 | D:2      | Found Lathrimea's Assorted Antiques.
  1869 | D:2      | 1869 ||| BUYING green potion (26 gold).
  1869 | D:2      | Bought a green potion for 26 gold pieces
  1869 | D:2      | 1869 ||| BUYING orange potion (26 gold).
  1869 | D:2      | Bought an orange potion for 26 gold pieces
  1869 | D:2      | 1869 ||| SHOPLISTING orange potion (26 gold, have 20).
  1869 | D:2      | 1869 ||| SHOPLISTING pair of runed boots (217 gold, have
                  | 20).
  1869 | D:2      | 1869 ||| SHOPLISTING scroll labelled BIUGORGH XOSMARPH (29
                  | gold, have 20).
  1869 | D:2      | 1869 ||| SHOPLISTING scroll labelled ZIVIJ UWOVVANG (29
                  | gold, have 20).
  1961 | D:2      | 1961 ||| Stepping ~*~*~tactically~*~*~ (stealth).
  1967 | D:2      | Reached XP level 4. HP: 28/28 MP: 4/4
  1971 | D:2      | Found a sacrificial altar of Ru.
  1984 | D:2      | Found Orchewn's Antique Armour Shoppe.
  1991 | D:2      | 1991 ||| SHOPLISTING chain mail (126 gold, have 22).
  1991 | D:2      | 1991 ||| SHOPLISTING fine chain mail (266 gold, have 22).
  1991 | D:2      | 1991 ||| SHOPLISTING glowing orb (336 gold, have 22).
  1991 | D:2      | 1991 ||| SHOPLISTING scorched scale mail (252 gold, have
                  | 22).
  2176 | D:2      | 2176 ||| Stepping ~*~*~tactically~*~*~ (hiding).
  2304 | D:2      | 2304 ||| Stepping ~*~*~tactically~*~*~ (stealth).
  2614 | D:2      | Reached *** piety under Trog
  2718 | D:2      | Found Anwur's Antique Weapon Boutique.
  2724 | D:2      | 2724 ||| SHOPLISTING flail (87 gold, have 83).
  2920 | D:2      | 2920 ||| READING scroll labelled ZIVIJ UWOVVANG.
  2925 | D:2      | 2925 ||| READING scroll labelled XIUS ENOSIASI.
  2926 | D:2      | 2926 ||| READING 2 scrolls labelled TEXZEE RIGIOLL.
  2927 | D:2      | 2927 ||| READING scroll labelled DUIDGH ZAXTUNE.
  2928 | D:2      | 2928 ||| DROPPING scroll of immolation.
  2970 | D:3      | 2970 ||| Stepping ~*~*~tactically~*~*~ (stealth).
  3110 | D:3      | Found a broken altar of Ashenzari.
  3114 | D:3      | Saw a vision of the Swamp and the Spider Nest.
  3114 | D:3      | Noticed a tarantella
  3114 | D:3      | Noticed a steelbarb worm
  3114 | D:3      | Noticed a wolf spider
  3114 | D:3      | Noticed a redback
  3114 | D:3      | Noticed a pharaoh ant
  3114 | D:3      | Noticed a redback
  3114 | D:3      | Noticed a bloated husk
  3114 | D:3      | Noticed a demonic crawler
  3114 | D:3      | Noticed a jumping spider
  3114 | D:3      | Noticed a demonic crawler
  3114 | D:3      | Noticed a bog body
  3114 | D:3      | Noticed a moth of wrath
  3114 | D:3      | Noticed a tarantella
  3114 | D:3      | Noticed a wolf spider
  3114 | D:3      | Noticed a moth of wrath
  3114 | D:3      | Noticed a steelbarb worm
  3115 | D:3      | Noticed a will-o-the-wisp
  3115 | D:3      | Noticed a steelbarb worm
  3116 | D:3      | Noticed a tyrant leech
  3116 | D:3      | Noticed a moth of wrath
  3116 | D:3      | Noticed a tarantella
  3163 | D:3      | Found a bloodstained altar of Trog.
  3214 | D:3      | 3214 ||| DROPPING +0 whip.
  3291 | D:3      | Found a glowing silver altar of Zin.
  3292 | D:3      | Found an opulent altar of Gozag.
  3292 | D:3      | Found a radiant altar of Vehumet.
  3340 | D:3      | 3340 ||| Stepping ~*~*~tactically~*~*~ (hiding).
  3351 | D:3      | Reached XP level 5. HP: 32/32 MP: 5/5
  3369 | D:3      | 3369 ||| Stepping ~*~*~tactically~*~*~ (stealth).
  3373 | D:3      | 3373 ||| Stepping ~*~*~tactically~*~*~ (stealth).
  3383 | D:3      | Reached skill level 5 in Axes
  3383 | D:3      | 3383 ||| INVOKING Berserk.
  3398 | D:3      | 3398 ||| FLEEEEING.
  3402 | D:3      | 3402 ||| STAIRDANCE
  3492 | D:2      | 3492 ||| UPGRADING to +0 scale mail.
  3502 | D:2      | 3502 ||| DROPPING +0 ring mail.
  3503 | D:2      | 3503 ||| UPGRADING to amulet of regeneration.
  3546 | D:3      | 3546 ||| Stepping ~*~*~tactically~*~*~ (stealth).
  3571 | D:3      | 3571 ||| Stepping ~*~*~tactically~*~*~ (stealth).
  3573 | D:3      | 3573 ||| Stepping ~*~*~tactically~*~*~ (stealth).
  3581 | D:3      | 3581 ||| Stepping ~*~*~tactically~*~*~ (stealth).
  3591 | D:3      | Reached skill level 1 in Throwing
  3598 | D:3      | 3598 ||| DROPPING +2 antimagic whip.
  3874 | D:3      | 3874 ||| FLEEEEING.
  3875 | D:3      | 3875 ||| FLEEEEING.
  3876 | D:3      | 3876 ||| FLEEEEING.
  3877 | D:3      | 3877 ||| FLEEEEING.
  3878 | D:3      | 3878 ||| FLEEEEING.
  3879 | D:3      | 3879 ||| FLEEEEING.
  3880 | D:3      | 3880 ||| FLEEEEING.
  3881 | D:3      | 3881 ||| FLEEEEING.
  3882 | D:3      | 3882 ||| FLEEEEING.
  3883 | D:3      | 3883 ||| Stepping ~*~*~tactically~*~*~ (hiding).
  3884 | D:3      | 3884 ||| Stepping ~*~*~tactically~*~*~ (hiding).
  3890 | D:3      | 3890 ||| INVOKING Berserk.
  3970 | D:3      | 3970 ||| Stepping ~*~*~tactically~*~*~ (stealth).
  3971 | D:3      | 3971 ||| Stepping ~*~*~tactically~*~*~ (stealth).
  4033 | D:3      | 4033 ||| Stepping ~*~*~tactically~*~*~ (stealth).
  4037 | D:3      | 4037 ||| Stepping ~*~*~tactically~*~*~ (stealth).
  4040 | D:3      | Reached XP level 6. HP: 36/38 MP: 6/6
  4040 | D:3      | 4040 ||| Stepping ~*~*~tactically~*~*~ (stealth).
  4123 | D:3      | 4123 ||| UPGRADING to +0 chain mail.
  4133 | D:3      | 4133 ||| DROPPING +0 scale mail.
  4134 | D:3      | 4134 ||| READING scroll labelled WISCHY QAKUO.
  4135 | D:3      | 4135 ||| READING scroll labelled HAF HONKOC.
  4136 | D:3      | 4136 ||| DRINKING 2 green potions.
  4137 | D:3      | 4137 ||| DRINKING 2 orange potions.
  4158 | D:4      | 4158 ||| Stepping ~*~*~tactically~*~*~ (stealth).
  4175 | D:4      | 4175 ||| READING scroll of brand weapon.
  4175 | D:4      | 4175 ||| BRANDING +1 hand axe of protection.
  4176 | D:4      | 4176 ||| DROPPING +0 flail.
  4191 | D:4      | 4191 ||| Stepping ~*~*~tactically~*~*~ (hiding).
  4198 | D:4      | 4198 ||| INVOKING Berserk.
  4220 | D:4      | Reached **** piety under Trog
  4224 | D:4      | Reached skill level 6 in Axes
  4362 | D:4      | Found a sparkling altar of Nemelex Xobeh.
  4408 | D:4      | 4408 ||| Stepping ~*~*~tactically~*~*~ (stealth).
  4420 | D:4      | 4420 ||| Stepping ~*~*~tactically~*~*~ (stealth).
  4422 | D:4      | Reached skill level 3 in Armour
  4422 | D:4      | Reached XP level 7. HP: 43/43 MP: 7/7
  4542 | D:4      | 4542 ||| Stepping ~*~*~tactically~*~*~ (stealth).
  4570 | D:4      | Found a staircase to the Ecumenical Temple.
  4869 | D:4      | Found an iron altar of Okawaru.
  4871 | D:4      | 4871 ||| UPGRADING to ring of positive energy.
  4872 | D:4      | 4872 ||| READING scroll labelled GIOKAB VOIH IXES.
  4873 | D:4      | 4873 ||| READING scroll labelled REIMEITUENG.
  4874 | D:4      | 4874 ||| DRINKING 2 lumpy inky potions.
  4875 | D:4      | 4875 ||| DRINKING 2 blue potions.
  4876 | D:4      | 4876 ||| DROPPING potion of brilliance.
  4893 | D:5      | Entered Level 5 of the Dungeon
  4918 | D:5      | 4918 ||| Stepping ~*~*~tactically~*~*~ (hiding).
  5049 | D:5      | 5049 ||| READING scroll of enchant weapon.
  5049 | D:5      | 5049 ||| ENCHANTING +1 hand axe of flaming.
  5082 | D:5      | 5082 ||| INVOKING Berserk.
  5101 | D:5      | 5101 ||| Stepping ~*~*~tactically~*~*~ (stealth).
  5322 | D:5      | Noticed Duvessa
  5324 | D:5      | Noticed Dowan
  5325 | D:5      | 5325 ||| Stepping ~*~*~tactically~*~*~ (stealth).
  5326 | D:5      | 5326 ||| Stepping ~*~*~tactically~*~*~ (stealth).
  5327 | D:5      | 5327 ||| INVOKING Berserk.
  5335 | D:5      | Reached skill level 7 in Axes
  5337 | D:5      | Killed Dowan
  5338 | D:5      | Killed Duvessa
  5339 | D:5      | Reached XP level 8. HP: 50/50 MP: 8/8
  5419 | D:5      | 5419 ||| Stepping ~*~*~tactically~*~*~ (hiding).
  5722 | D:5      | Identified the amulet of Neluw {Reflect Will++ Int+3 SH+5}
  5854 | D:5      | Reached skill level 8 in Axes
  5886 | D:5      | 5886 ||| Stepping ~*~*~tactically~*~*~ (stealth).
  5905 | D:5      | 5905 ||| SWAPPING to +0 war axe.
  5951 | D:5      | 5951 ||| DROPPING amulet of faith.
  5952 | D:5      | 5952 ||| UPGRADING to amulet of Neluw {Reflect Will++ Int+3
                  | SH+5}.
  5962 | D:5      | 5962 ||| DROPPING amulet of regeneration.
  5963 | D:5      | 5963 ||| DRINKING 2 silvery potions.
  6064 | D:5      | 6064 ||| DROPPING potion of ambrosia.
  6105 | D:6      | 6105 ||| Stepping ~*~*~tactically~*~*~ (stealth).
  6108 | D:6      | 6108 ||| Stepping ~*~*~tactically~*~*~ (stealth).
  6113 | D:6      | 6113 ||| Stepping ~*~*~tactically~*~*~ (stealth).
  6114 | D:6      | 6114 ||| Stepping ~*~*~tactically~*~*~ (stealth).
  6135 | D:6      | Reached skill level 6 in Fighting
  6147 | D:6      | 6147 ||| INVOKING Berserk.
  6340 | D:6      | 6340 ||| READING scroll of enchant armour.
  6340 | D:6      | 6340 ||| ENCHANTING +0 pair of gloves.
  6343 | D:6      | Noticed Sigmund
  6345 | D:6      | 6345 ||| INVOKING Berserk.
  6350 | D:6      | Killed Sigmund
  6547 | D:6      | Noticed Grinder
  6548 | D:6      | 6548 ||| Stepping ~*~*~tactically~*~*~ (hiding).
  6549 | D:6      | 6549 ||| Stepping ~*~*~tactically~*~*~ (hiding).
  6551 | D:6      | 6551 ||| INVOKING Trog's Hand.
  6554 | D:6      | 6554 ||| INVOKING Berserk.
  6569 | D:6      | Killed Grinder
  6570 | D:6      | Reached skill level 9 in Axes
  6570 | D:6      | Reached XP level 9. HP: 56/56 MP: 9/9
  6702 | D:6      | Noticed Eustachio
  6708 | D:6      | 6708 ||| INVOKING Berserk.
  6725 | D:6      | Killed Eustachio
  6876 | D:6      | 6876 ||| INVOKING Berserk.
  6990 | D:6      | Found a stormy altar of Qazlal.
  7226 | D:6      | 7226 ||| UPGRADING to +0 buckler.
  7231 | D:6      | 7231 ||| READING scroll labelled FEIPTE SEWI.
  7232 | D:6      | 7232 ||| DRINKING 2 murky pink potions.
  7233 | D:6      | 7233 ||| DROPPING potion of attraction.
  7292 | D:7      | Reached skill level 1 in Shields
  7421 | D:7      | Found a white marble altar of Elyvilon.
  7431 | D:7      | 7431 ||| INVOKING Berserk.
  7442 | D:7      | Reached skill level 3 in Shields
  7546 | D:7      | 7546 ||| INVOKING Berserk.
  7863 | D:7      | 7863 ||| Stepping ~*~*~tactically~*~*~ (hiding).
  7975 | D:7      | Reached skill level 10 in Axes
  8140 | D:7      | 8140 ||| INVOKING Berserk.
  8292 | D:7      | 8292 ||| INVOKING Berserk.
  8296 | D:7      | Reached XP level 10. HP: 63/63 MP: 10/10
  8404 | D:7      | Found Jaxigoom's General Store.
  8412 | D:7      | 8412 ||| SHOPLISTING +2 scale mail of the Pink Corner {rC++
                  | rN+} (469 gold, have 355).
  8589 | D:7      | 8589 ||| INVOKING Berserk.
  8732 | D:7      | 8732 ||| UPGRADING to +0 helmet.
  8737 | D:7      | 8737 ||| READING scroll labelled BIUGORGH XOSMARPH.
  8908 | D:8      | 8908 ||| INVOKING Berserk.
  8912 | D:8      | Noticed a cyclops
  8918 | D:8      | HP: 7/96 [cyclops/large rock (33)]
  8924 | D:8      | 8924 ||| READING 4 scrolls of teleportation.
  8925 | D:8      | 8925 ||| DRINKING 3 potions of heal wounds.
  8925 | D:8      | HP: 9/64 [cyclops (17)]
  8926 | D:8      | 8926 ||| DRINKING 2 potions of heal wounds.
  9004 | D:8      | 9004 ||| INVOKING Berserk.
  9005 | D:8      | Killed a cyclops
  9059 | D:8      | 9059 ||| FLEEEEING.
  9060 | D:8      | 9060 ||| FLEEEEING.
  9061 | D:8      | 9061 ||| FLEEEEING.
  9062 | D:8      | 9062 ||| FLEEEEING.
  9063 | D:8      | 9063 ||| FLEEEEING.
  9064 | D:8      | 9064 ||| FLEEEEING.
  9065 | D:8      | 9065 ||| FLEEEEING.
  9066 | D:8      | 9066 ||| FLEEEEING.
  9068 | D:8      | 9068 ||| FLEEEEING.
  9069 | D:8      | 9069 ||| FLEEEEING.
  9070 | D:8      | 9070 ||| FLEEEEING.
  9071 | D:8      | 9071 ||| FLEEEEING.
  9073 | D:8      | 9073 ||| FLEEEEING.
  9074 | D:8      | 9074 ||| FLEEEEING.
  9075 | D:8      | 9075 ||| FLEEEEING.
  9076 | D:8      | 9076 ||| FLEEEEING.
  9077 | D:8      | 9077 ||| FLEEEEING.
  9078 | D:8      | 9078 ||| FLEEEEING.
  9079 | D:8      | 9079 ||| FLEEEEING.
  9080 | D:8      | 9080 ||| FLEEEEING.
  9081 | D:8      | 9081 ||| FLEEEEING.
  9082 | D:8      | 9082 ||| FLEEEEING.
  9083 | D:8      | 9083 ||| FLEEEEING.
  9084 | D:8      | 9084 ||| FLEEEEING.
  9085 | D:8      | 9085 ||| FLEEEEING.
  9088 | D:8      | 9088 ||| FLEEEEING.
  9090 | D:8      | 9090 ||| FLEEEEING.
  9092 | D:8      | 9092 ||| FLEEEEING.
  9093 | D:8      | 9093 ||| FLEEEEING.
  9094 | D:8      | 9094 ||| FLEEEEING.
  9095 | D:8      | 9095 ||| FLEEEEING.
  9096 | D:8      | 9096 ||| FLEEEEING.
  9101 | D:8      | 9101 ||| FLEEEEING.
  9102 | D:8      | 9102 ||| FLEEEEING.
  9103 | D:8      | 9103 ||| FLEEEEING.
  9104 | D:8      | 9104 ||| FLEEEEING.
  9105 | D:8      | 9105 ||| FLEEEEING.
  9106 | D:8      | 9106 ||| FLEEEEING.
  9107 | D:8      | 9107 ||| FLEEEEING.
  9108 | D:8      | 9108 ||| FLEEEEING.
  9109 | D:8      | 9109 ||| FLEEEEING.
  9110 | D:8      | 9110 ||| FLEEEEING.
  9111 | D:8      | 9111 ||| FLEEEEING.
  9112 | D:8      | 9112 ||| FLEEEEING.
  9114 | D:8      | 9114 ||| FLEEEEING.
  9115 | D:8      | 9115 ||| FLEEEEING.
  9119 | D:8      | 9119 ||| FLEEEEING.
  9124 | D:8      | 9124 ||| FLEEEEING.
  9125 | D:8      | 9125 ||| FLEEEEING.
  9126 | D:8      | 9126 ||| FLEEEEING.
  9127 | D:8      | 9127 ||| FLEEEEING.
  9128 | D:8      | 9128 ||| FLEEEEING.
  9132 | D:8      | 9132 ||| FLEEEEING.
  9133 | D:8      | 9133 ||| FLEEEEING.
  9134 | D:8      | 9134 ||| FLEEEEING.
  9135 | D:8      | 9135 ||| FLEEEEING.
  9139 | D:8      | 9139 ||| FLEEEEING.
  9140 | D:8      | 9140 ||| FLEEEEING.
  9141 | D:8      | 9141 ||| FLEEEEING.
  9142 | D:8      | 9142 ||| FLEEEEING.
  9143 | D:8      | 9143 ||| FLEEEEING.
  9150 | D:8      | 9150 ||| STAIRDANCE
  9186 | D:7      | 9186 ||| DROPPING amulet of guardian spirit.
  9208 | D:8      | 9208 ||| SWAPPING to +0 antimagic war axe.
  9209 | D:8      | 9209 ||| DROPPING +0 war axe.
  9253 | D:8      | Found a flagged portal.
  9273 | D:8      | Found a snail-covered altar of Cheibriados.
  9332 | D:8      | 9332 ||| SWAPPING to +4 vorpal war axe.
  9333 | D:8      | 9333 ||| DROPPING +0 antimagic war axe.
  9426 | D:8      | 9426 ||| Stepping ~*~*~tactically~*~*~ (stealth).
  9550 | D:8      | Noticed Joseph
  9551 | D:8      | 9551 ||| Stepping ~*~*~tactically~*~*~ (stealth).
  9566 | D:8      | 9566 ||| Stepping ~*~*~tactically~*~*~ (stealth).
  9906 | D:8      | Noticed Erica
  9907 | D:8      | 9907 ||| INVOKING Berserk.
  9921 | D:8      | HP: 13/64 [Joseph/+0 quarterstaff (8)]
  9922 | D:8      | 9922 ||| READING 3 scrolls of teleportation.
  9923 | D:8      | 9923 ||| DRINKING potion of heal wounds.
 10026 | D:8      | 10026 ||| Invisible monster not found???
 10131 | D:8      | 10131 ||| Stepping ~*~*~tactically~*~*~ (stealth).
 10133 | D:8      | 10133 ||| Stepping ~*~*~tactically~*~*~ (hiding).
 10134 | D:8      | 10134 ||| Stepping ~*~*~tactically~*~*~ (hiding).
 10136 | D:8      | 10136 ||| INVOKING Berserk.
 10143 | D:8      | Killed Erica
 10144 | D:8      | Reached skill level 11 in Axes
 10203 | D:8      | 10203 ||| FLEEEEING.
 10469 | D:8      | 10469 ||| UPGRADING to +0 pair of boots.
 10474 | D:8      | 10474 ||| DRINKING 2 smoky purple potions.
 10475 | D:8      | 10475 ||| DROPPING potion of flight.
 10562 | D:9      | Found a shimmering altar of Xom.
 10689 | D:9      | 10689 ||| Stepping ~*~*~tactically~*~*~ (stealth).
 10712 | D:9      | Reached skill level 6 in Armour
 10888 | D:9      | Noticed a death yak
 10888 | D:9      | Noticed a death yak
 10893 | D:9      | 10893 ||| INVOKING Berserk.
 10893 | D:9      | Noticed a death yak
 10908 | D:9      | Killed a death yak
 10908 | D:9      | HP: 15/97 [death yak (20)]
 10908 | D:9      | HP: 7/97 [death yak (8)]
 10909 | D:9      | Reached skill level 9 in Fighting
 10909 | D:9      | Reached XP level 11. HP: 8/71 MP: 11/11
 10910 | D:9      | Mangled by a death yak

Levels and vault maps discovered:
D:1:      wander_arrival_peaceful_grave, layout_loops_corners,
          hellmonk_ecumenical_altar_watching_god
D:2:      minmay_thinvault, layout_loops_ring, basic_altar, serial_shops,
          nicolae_shop_behind_doors, shop_fountains, nicolae_shop_waterfront
D:3:      minmay_recursive_quarters, layout_basic, grunt_ashenzari_visionary
          [grunt_ashenzari_visionary_swamp, grunt_ashenzari_visionary_spider],
          chequers_temple_overflow_statue_of_worship, trog_antimagical,
          minmay_randomly_rotated_circles
D:4:      layout_rooms, kennysheep_mini, kennysheep_okawaru_gauntlet,
          minmay_temple_entry_arrows, minmay_circle_x
D:5:      layout_basic, uniq_duvessa
D:6:      layout_cave_pools, mainiacjoe_overflow_concentric_impassable,
          uniq_grinder, uniq_eustachio, uniq_sigmund
D:7:      layout_layer_cave, mainiacjoe_overflow_small_starburst, serial_shops,
          shop, minmay_ruffians
D:8:      layout_basic, cheibriados_altar_1, enter_bailey_2, minmay_radiant,
          uniq_joseph, uniq_erica
D:9:      layout_roguey, lemuel_tele_altar, mainiacjoe_overflow_catwalk,
          dpeg_lair_monsters, roderic_lattice_a, david_defended_altar_orc

Skill      XL: |  1  2  3  4  5  6  7  8  9 10 |
---------------+-------------------------------+-----
Axes           | 3 4 5 6 7 9 10 11 | 11.4
Throwing       | 1 |  1.0
Fighting       | 4 5 6 7 9 |  9.5
Armour         | 3 4 5 6 |  6.2
Shields        | 4 5 |  5.0
Dodging        | 2 |  2.1

Action                   |  1- 3 |  4- 6 |  7- 9 | 10-12 || total
-------------------------+-------+-------+-------+-------++-------
Melee: Hand axe          |   128 |   212 |   114 |       ||   454
       Punch             |       |     3 |     2 |       ||     5
       War axe           |       |       |   169 |   132 ||   301
Throw: Javelin           |       |    20 |       |       ||    20
       Boomerang         |       |     1 |       |       ||     1
Invok: Berserk           |     1 |     3 |    11 |     6 ||    21
       Trog's Hand       |       |       |     1 |       ||     1
  Use: Scroll            |     4 |     7 |     5 |     3 ||    19
       Potion            |       |     2 |     4 |     4 ||    10
Armor: Animal skin       |    22 |       |       |       ||    22
       Ring mail         |    24 |    58 |       |       ||    82
       Scale mail        |       |    19 |       |       ||    19
       Chain mail        |       |    35 |   137 |    65 ||   237
Dodge: Dodged            |    67 |   111 |    77 |    36 ||   291
Block: Other             |       |       |    13 |       ||    13
       Buckler           |       |       |    39 |    53 ||    92
       Reflection        |       |       |     7 |     8 ||    15

Table legend:
 A = Non-vault XP
 B = Vault XP
 C = Vault XP percentage of total XP
 D = Non-vault monster count
 E = Vault monster count
 F = Vault count percentage of total count
                 A         B        C        D         E       F
            +---------+---------+-------+---------+---------+-------
      Total |    5119 |    4169 |  44.9 |     171 |      54 |  24.0
            +---------+---------+-------+---------+---------+-------
        D:1 |      39 |       0 |   0.0 |      24 |       0 |   0.0
        D:2 |      80 |      25 |  23.8 |      31 |      16 |  34.0
        D:3 |      77 |     134 |  63.5 |      17 |      19 |  52.8
        D:4 |     200 |     116 |  36.7 |      24 |       6 |  20.0
        D:5 |     847 |     219 |  20.5 |      18 |       2 |  10.0
        D:6 |     401 |     698 |  63.5 |      14 |       3 |  17.6
        D:7 |    1197 |     817 |  40.6 |      16 |       4 |  20.0
        D:8 |    1083 |    1329 |  55.1 |      20 |       2 |   9.1
        D:9 |    1195 |     831 |  41.0 |       7 |       2 |  22.2
            +---------+---------+-------+---------+---------+-------
